 Dungeon Crawl Stone Soup version 0.29.1-15-g9cfb28693d (webtiles) character file.

Game seed: 5775680817326190516

436 Smoke131 the Trooper (level 7, -1/74 HPs)
             Began as an Ogre Gladiator on Apr 18, 2023.
             Slain by a bullfrog (7 damage)
             ... in a sewer.
             The game lasted 00:08:57 (3059 turns).

Smoke131 the Trooper (Ogre Gladiator)               Turns: 3059, Time: 00:08:58

Health: -1/74      AC:  4    Str: 21    XL:     7   Next: 1%
Magic:  0/7        EV: 10    Int:  9    God:
Gold:   154        SH:  0    Dex: 10    Spells: 6/6 levels left

rFire   + + .      SeeInvis .   a - +0 trident
rCold   + . .      Faith    .   (no shield)
rNeg    . . .      Spirit   +   b - +0 robe
rPois   +          Reflect  .   c - +1 hat
rElec   +          Harm     .   (no cloak)
rCorr   +          Rampage  .   (gloves unavailable)
Will    .....                   (boots unavailable)
Stlth   +.........              i - amulet of guardian spirit
HPRegen 0.22/turn               k - ring of protection from fire
MPRegen 0.10/turn               (no ring)

@: resistant, flying
A: large, unfitting armour, tough skin 1
a: no special abilities


You were in a sewer.
You visited 1 branch of the dungeon, and saw 3 of its levels.
You also visited: Sewer.

You collected 154 gold pieces.

Inventory:

Hand Weapons
 a - a +0 trident (weapon)
Missiles
 l - 11 poisoned darts (quivered)
 q - a throwing net
 r - 3 silver boomerangs
Armour
 b - a +0 robe (worn)
 c - a +1 hat (worn)
Jewellery
 i - an amulet of guardian spirit (around neck)
 k - a ring of protection from fire (left hand)
Scrolls
 f - a scroll of enchant armour
 h - a scroll of vulnerability
Potions
 d - a potion of brilliance
 g - a potion of magic
 n - a potion of heal wounds {unknown}
 p - a potion of attraction {unknown}


   Skills:
 + Level 5.8 Fighting
 + Level 4.9 Polearms
 + Level 4.3 Throwing
 - Level 3.0 Dodging


You had 6 spell levels left.
You didn't know any spells.
Your spell library was empty.

Dungeon Overview and Level Annotations

Branches:
Dungeon (3/15)              Sewer (1/1)

Altars:


Innate Abilities, Weirdness & Mutations

You are too large for most types of armour.
You have tough skin. (AC +1)


Message History

The bullfrog barely misses you. The quokka bites you. The bullfrog hits you. x2
Throw: 3 boomerangs (silver)
Press: ? - help, Q - select action, (/) - cycle Shift-Dir - straight line, f/p - bullfrog
Aim: a bullfrog (lightly wounded, 53% to hit)
You throw a silver boomerang.
The silver boomerang closely misses the bullfrog.
The bullfrog hits you but does no damage.
The quokka bites you but does no damage.
The bullfrog hits you but does no damage.
The bullfrog completely misses you. The quokka barely misses you.
Throw: 3 boomerangs (silver)
Press: ? - help, Q - select action, (/) - cycle Shift-Dir - straight line, f/p - bullfrog
Aim: a bullfrog (lightly wounded, 53% to hit)
You throw a silver boomerang.
The silver boomerang barely misses the bullfrog.
The bullfrog hits you. x2; The quokka bites you.
* * * LOW HITPOINT WARNING * * *
The bullfrog barely misses you.
Throw: large rock
Press: ? - help, Q - select action, (/) - cycle Shift-Dir - straight line, f/p - bullfrog
Aim: a bullfrog (lightly wounded, 53% to hit)
You throw a large rock. The large rock hits the bullfrog!!
You kill the bullfrog!
The bullfrog hits you.
* * * LOW HITPOINT WARNING * * *
The quokka closely misses you. The bullfrog hits you.
* * * LOW HITPOINT WARNING * * *
The quokka misses you. The bullfrog hits you!
* * * LOW HITPOINT WARNING * * *
You have reached level 7!
It was a potion of resistance.
You feel protected. The bullfrog barely misses you.
The quokka barely misses you. The bullfrog closely misses you.
It was a potion of flight.
You feel very buoyant.
You fly up into the air.
The quokka bites you but does no damage.
The bullfrog hits you!
You die...

~.##.~~~~#######~~.~~##.~~~#
.##~..~###≈≈≈≈≈###~~.~##..~##
.#~.~†## ≈≈≈~~~≈≈##~.~~#~~~~#
##~~†## ≈~.....~≈##~~~##~~~##
#~~~.# ~~.)$$.~~≈#†~~~#~~~.#
#~~~.# ~~~.|!?..~#†.~~#~~.∩#
#~~~.# ..~~~$~.~~#~~~~#~†~.#
##~~~## ~~~~~~(F~~#~~~##~.~##
.#~~~.## ≈~~.~~r@.~#~~~#~..~#
~##.~~†###≈≈~~.#~~##~~##~.~##
~~##~~~~~#######~~#~~##~~~.#
~..###~~~~~~....~##~~#~.~~##
~.~~~####~.~~~~..#.~~~~.~##
#~~.~†.~#~∩.#######~~~####
####~†.~#####~~~~~#~.##
∩~~####~~~..~~~~~.####
#....~#########~~~#


You could see a bullfrog and a quokka.

Vanquished Creatures
  Sigmund (D:2)
  A phantom (D:2)
  A bullfrog (Sewer)
  4 adders
  2 dart slugs (D:2)
  An orc (D:2)
  14 endoplasms
  15 giant cockroaches
  3 goblins
  7 hobgoblins
  5 kobolds
  7 quokkas
  12 ball pythons
  5 bats
  7 frilled lizards
  4 rats
89 creatures vanquished.

Notes
Turn   | Place    | Note
-------+----------+-------------------------------------------
     0 | D:1      | Smoke131 the Ogre Gladiator began the quest for the Orb.
     0 | D:1      | Reached XP level 1. HP: 22/22 MP: 1/1
   195 | D:1      | Reached XP level 2. HP: 9/29 MP: 2/2
   217 | D:1      | Reached skill level 3 in Fighting
  1355 | D:2      | Reached XP level 3. HP: 37/37 MP: 3/3
  1355 | D:2      | Noticed Sigmund
  1841 | D:2      | Killed Sigmund
  1842 | D:2      | Reached skill level 4 in Fighting
  1842 | D:2      | Reached XP level 4. HP: 49/49 MP: 4/4
  1842 | D:2      | Reached XP level 5. HP: 55/55 MP: 5/5
  1947 | D:2      | Noticed a phantom
  2099 | D:2      | Killed a phantom
  2100 | D:2      | Reached skill level 5 in Fighting
  2100 | D:2      | Reached XP level 6. HP: 47/66 MP: 3/6
  2461 | D:2      | Found a faded altar of an unknown god.
  2739 | D:3      | Found a glowing drain.
  2763 | Sewer    | Entered a sewer
  3058 | Sewer    | Reached XP level 7. HP: 6/74 MP: 0/7
  3059 | Sewer    | Slain by a bullfrog

Illustrated notes

Levels and vault maps discovered:
D:1:      lordsloth_arrival_two_stooges, layout_basic
D:2:      layout_loops_ring, basic_ecumenical_altar, uniq_sigmund
D:3:      layout_basic, mainiacjoe_overflow_large_starburst,
          nicolae_overflow_two_pavilions, serial_glass, glass_columns_b,
          glass_columns_b, glass_columns_c, glass_columns_c, glass_columns_b,
          portal_sewer_entry_a, dk_noncrumbling_3
Sewer:    sewer_frog_island_02

Skill      XL: |  1  2  3  4  5  6 |
---------------+-------------------+-----
Fighting       | 3 4 5 |  5.8
Dodging        | 3 |  3.0
Polearms       | 4 |  4.9
Throwing       | 3 4 |  4.3

Action                   |  1- 3 |  4- 6 |  7- 9 || total
-------------------------+-------+-------+-------++-------
Melee: Trident           |    87 |   179 |       ||   266
       Punch             |     1 |     1 |       ||     2
Throw: Throwing net      |     3 |       |       ||     3
       Large rock        |       |     2 |       ||     2
       Boomerang         |       |     6 |       ||     6
  Use: Potion            |     2 |       |     2 ||     4
       Scroll            |       |     5 |       ||     5
Armor: Robe              |    64 |    63 |     1 ||   128
       Skin              |    67 |     6 |       ||    73
Dodge: Dodged            |   101 |   116 |     3 ||   220
